 Seeded DCSS version 0.27.1-1-g398f81649c (webtiles) character file.

Game seed: 16833236049872184031 (custom seed)

990 aster the Sneak (level 8, -6/55 HPs)
             Began as an Octopode Delver on Sept 13, 2021.
             Splashed by Ijyb's acid (15 damage)
             ... on level 5 of the Dungeon.
             The game lasted 00:10:46 (4280 turns).

aster the Sneak (Octopode Delver)                   Turns: 4280, Time: 00:10:46

Health: -6/55      AC: -5    Str: 12    XL:     8   Next: 18%
Magic:  8/8        EV: 13    Int: 13    God:
Gold:   821        SH:  6    Dex: 14    Spells: 7/7 levels left

rFire    . . .     SeeInvis +     - Unarmed
rCold    . . .     Faith    .   f - +1 buckler {rPois}
rNeg     . . .     Spirit   .   i - +2 hat {Will+}
rPois    +         Reflect  .   (no amulet)
rElec    .         Harm     .   l - ring of see invisible
rCorr    .         Rampage  .   (no ring)
Will     +....                  (no ring)
Stlth    ++++......             (no ring)
HPRegen  0.18/turn              (no ring)
MPRegen  0.11/turn              (no ring)
                                (no ring)
                                (no ring)

@: corroded
A: almost no armour, amphibious, 8 rings, camouflage 1, gelatinous body 1,
(nimble swimmer 1), tentacles
a: no special abilities


You were on level 5 of the Dungeon.
You visited 1 branch of the dungeon, and saw 5 of its levels.

You collected 821 gold pieces.

Inventory:

Missiles
 g - 4 poisoned darts (quivered)
 m - 59 stones
Armour
 f - a +1 buckler of poison resistance (worn)
 i - a +2 hat of willpower (worn)
Jewellery
 l - a ring of see invisible (left tentacle)
Wands
 e - a wand of digging (3)
Scrolls
 a - a scroll of fog
 b - a scroll of magic mapping
 c - 2 scrolls of fear
 k - a scroll of torment {unknown}
 q - a scroll of brand weapon
Potions
 d - 3 potions of haste
 h - 3 potions of heal wounds
 j - a potion of might
 n - 2 potions of curing {unknown}
 p - a potion of lignification


   Skills:
 + Level 5.2 Fighting
 - Level 2.0 Dodging
 + Level 7.2 Stealth
 + Level 4.1 Shields
 * Level 6.8 Unarmed Combat


You had 7 spell levels left.
You didn't know any spells.
Your spell library contained the following spells:

 Spells                   Type           Power      Damage    Failure   Level
 Corona                   Hex            0%         N/A       30%         1
 Shock                    Conj/Air       0%         1d3       30%         1
 Ensorcelled Hibernation  Hex/Ice        0%         N/A       43%         2
 Portal Projectile        Hex/Tloc       0%         N/A       67%         3
 Swiftness                Air            0%         N/A       67%         3
 Tukima's Dance           Hex            0%         N/A       67%         3
 Airstrike                Air            0%         N/A       97%         4
 Blade Hands              Tmut           0%         N/A       100%        5
 Excruciating Wounds      Necr           0%         N/A       100%        5


Dungeon Overview and Level Annotations

Branches:
Dungeon (5/15)
 Temple: D:4-7

Altars:
Cheibriados
Fedhas
Nemelex Xobeh
Qazlal
Yredelemnul

Annotations:
D:5 Ijyb


Innate Abilities, Weirdness & Mutations

You cannot wear most types of armour.
You are amphibious.
You can wear up to eight rings at the same time.
Your skin changes colour to match your surroundings (Stealth+).
Your rubbery body absorbs attacks. (AC +1, EV +1)
((You are camouflaged near water. (Stealth+)))
You have tentacles for arms and can constrict up to eight enemies at once.


Message History

The black bear is lightly wounded.
The black bear barely misses you. You block the black bear's attack. x2
You bludgeon the black bear! You grab the black bear.
The black bear is moderately wounded.
You constrict the black bear. The black bear barely misses you.
The black bear claws you. x2
You tentacle-slap the black bear but do no damage.
The black bear is moderately wounded.
You constrict the black bear. You tentacle-slap the black bear.
The black bear is heavily wounded.
You constrict the black bear. The black bear closely misses you.
The black bear barely misses you. You block the black bear's attack.
You tentacle-slap the black bear but do no damage.
Your squeeze misses the black bear.
The black bear is severely wounded.
You constrict the black bear. The black bear bites you.
You block the black bear's attack. x2
You are too injured to fight recklessly!
You are too injured to fight recklessly!
You bludgeon the black bear!
The black bear is almost dead.
You constrict the black bear.
You kill the black bear!
There is a stone staircase leading up here.
Ijyb the Twisted Goblin comes into view.
She is wielding a +0 dagger and carrying a wand of acid (9).
Found a quarterstaff.
Ijyb shouts!
Found a scroll of identify.
Ijyb zaps a wand.
The bolt of acid misses you.
Ijyb zaps a wand.
The bolt of acid hits you! The acid corrodes you!
You are splashed with acid!
You are too injured to fight recklessly!
You are too injured to fight recklessly!
You tentacle-slap Ijyb but do no damage.
You grab Ijyb. You constrict Ijyb.
Ijyb zaps a wand.
The bolt of acid hits you!!
* * * LOW HITPOINT WARNING * * *
The acid corrodes you!
You are splashed with acid!
You die...

#.### #.... #.###
########.#
.........#
########.#
#################.#
#.................#
#...@.#############
......g..#
####)...?# #.....#
#######


You could see Ijyb.

Vanquished Creatures
  Pikel (D:5)
  A black bear (D:5)
  3 lemures (D:5)
  2 phantoms
  An orc priest (D:4)
  A bullfrog skeleton (D:5)
  Jessica (D:3)
  A hound zombie (D:5)
  2 hound skeletons (D:4)
  3 gnolls (D:5)
  6 adders
  2 adder skeletons (D:4)
  A worm (D:2)
  3 dart slugs (D:2)
  4 orcs (D:4)
  3 bats
  5 endoplasms
  2 giant cockroaches
  6 goblins
  7 hobgoblins
  2 quokkas
  8 ball pythons
  7 frilled lizards
  7 kobolds
  8 rats
87 creatures vanquished.

Notes
Turn   | Place    | Note
-------+----------+-------------------------------------------
     0 | D:5      | aster the Octopode Delver began the quest for the Orb.
     0 | D:5      | Reached XP level 1. HP: 16/16 MP: 1/1
     1 | D:5      | Found a blossoming altar of Fedhas.
   127 | D:4      | Noticed an orc priest
   184 | D:4      | Reached XP level 2. HP: 14/21 MP: 2/2
   430 | D:4      | Reached skill level 7 in Stealth
   430 | D:4      | Reached XP level 3. HP: 22/26 MP: 3/3
   539 | D:4      | Found a sparkling altar of Nemelex Xobeh.
  1143 | D:1      | Found a faded altar of an unknown god.
  1171 | D:1      | Reached XP level 4. HP: 31/31 MP: 4/4
  1685 | D:1      | Identified 3 scrolls of acquirement
  1685 | D:1      | Acquired a +1 buckler of poison resistance
  1692 | D:1      | Acquired 634 gold pieces
  1694 | D:1      | Acquired a +2 hat of willpower
  1771 | D:2      | Found a basalt altar of Yredelemnul.
  1995 | D:2      | Reached skill level 1 in Shields
  2113 | D:2      | Reached XP level 5. HP: 37/37 MP: 5/5
  2440 | D:3      | Noticed Jessica
  2445 | D:3      | Killed Jessica
  2790 | D:4      | Found a snail-covered altar of Cheibriados.
  2825 | D:4      | Noticed a centaur
  3008 | D:4      | Noticed a phantom
  3048 | D:4      | Killed a phantom
  3049 | D:4      | Reached XP level 6. HP: 9/43 MP: 6/6
  3706 | D:5      | Noticed Pikel
  3716 | D:5      | Killed Pikel
  3717 | D:5      | Reached XP level 7. HP: 21/49 MP: 7/7
  3927 | D:5      | Reached skill level 5 in Fighting
  3927 | D:5      | Reached XP level 8. HP: 41/55 MP: 8/8
  4049 | D:5      | Found a stormy altar of Qazlal.
  4275 | D:5      | Noticed Ijyb
  4280 | D:5      | Splashed by Ijyb's acid

Illustrated notes

Levels and vault maps discovered:
D:1:      dpeg_arrival_round_b, layout_basic, shapermc_ecumenical_altar_ellora
D:2:      layout_basic, basic_altar, minmay_small_reverse_x
D:3:      layout_rooms, kennysheep_jessica_study
D:4:      layout_basic, mainiacjoe_overflow_alcove_2,
          mainiacjoe_overflow_24_doors, lightli_corner_chamber
D:5:      layout_loops_ring, grunt_temple_overflow_forces_of_nature,
          uniq_menkaure, uniq_pikel, uniq_edmund, uniq_ijyb

Skill      XL: |  1  2  3  4  5  6  7 |
---------------+----------------------+-----
Stealth        | 7 |  7.2
Unarmed Combat | 3 4 6 |  6.8
Shields        | 1 2 4 |  4.1
Fighting       | 4 5 |  5.2
Dodging        | |  2.0

Action                   |  1- 3 |  4- 6 |  7- 9 || total
-------------------------+-------+-------+-------++-------
Melee: Unarmed           |    45 |   151 |    16 ||   212
       Constrict         |    12 |    36 |     2 ||    50
       Tentacles         |     8 |    35 |     3 ||    46
       Punch             |     1 |     8 |     1 ||    10
  Use: Scroll            |       |    11 |       ||    11
 Stab: Sleeping          |     9 |    21 |       ||    30
       Distracted        |       |     1 |       ||     1
Armor: Skin              |     1 |    14 |     1 ||    16
Dodge: Dodged            |    17 |    56 |     9 ||    82
Block: Buckler           |       |    21 |     6 ||    27
